Map: Lightshade LE

Players

souL

  • Race: Terran Terran

DnS - Winner!

  • Race: Protoss Protoss

Event: DreamHack SC2 Masters 2021 Fall

VOD

Have the link to the VOD?

Description

Time

  • Played on: July 31, 2021, 12:53 p.m.
  • Length: 21:08

All games in this series

Show
View Real Time Build Order
Export as new Build Order

souL Terran 

Build Orders:  

Get SALT Encoding   

  12  0:00  SCV  
  13  0:12  SCV  
  14  0:17  Supply Depot  
  14  0:25  SCV  
  15  0:39  SCV  
  15  0:40  Barracks  
  16  0:44  Refinery  
  16  0:51  SCV  
  17  1:03  SCV  
  18  1:15  SCV  
  19  1:28  Marine, Orbital Command  
  20  1:41  Command Center  
  20  1:46  Reaper  
  21  1:53  Supply Depot  
  21  1:55  SCV  
  22  2:08  SCV  
  23  2:17  Marine  
  23  2:21  SCV  
  25  2:27  Bunker  
  24  2:33  SCV  
  24  2:35  Marine  
  26  2:40  Factory  
  26  2:45  SCV  
  25  2:53  Marine  
  25  2:57  SCV  
  27  3:04  Refinery, Orbital Command  
  27  3:10  SCV, Barracks  
  28  3:13  Marine  
  29  3:22  SCV  
  29  3:25  Widow Mine  
  29  3:26  Starport  
  32  3:30  SCV  
  32  3:34  SCV  
  34  3:37  Marine  
  35  3:42  SCV  
  35  3:46  SCV  
  35  3:47  Widow Mine  
  39  3:54  SCV  
  40  3:58  SCV  
  40  4:01  Supply Depot  
  41  4:03  Medivac  
  41  4:06  SCV  
  41  4:08  Widow Mine  
  44  4:10  SCV  
  44  4:12  Barracks Reactor  
  44  4:13  Barracks Tech Lab, Barracks  
  44  4:17  Engineering Bay  
  45  4:18  SCV  
  45  4:20  Supply Depot  
  45  4:23  Supply Depot, SCV  
  47  4:30  SCV  
  48  4:32  Marine, Stimpack  
  48  4:35  SCV  
  50  4:43  SCV  
  51  4:47  SCV, Missile Turret  
  51  4:48  Marine  
  51  4:49  Marine, Refinery  
  51  4:50  Factory Tech Lab  
  51  4:51  Starport Tech Lab  
  54  4:55  SCV  
  54  4:56  Marine  
  54  4:59  SCV  
  57  5:06  Marine  
  55  5:07  SCV  
  55  5:11  SCV  
  54  5:17  Viking  
  54  5:19  Marine x2, SCV, Cyclone  
  62  5:24  Marine  
  62  5:26  Terran Infantry Weapons Level 1, Command Center  
  61  5:30  SCV, Missile Turret  
  61  5:33  SCV  
  63  5:36  Marine  
  64  5:43  Marauder  
  64  5:45  SCV  
  64  5:47  SCV  
  66  5:51  Cyclone  
  69  5:57  SCV  
  69  6:00  Starport Reactor  
  70  6:04  Supply Depot, SCV  
  70  6:06  Barracks  
  70  6:08  Barracks  
  70  6:09  Marine x2, SCV, Marauder  
  76  6:14  Combat Shield  
  76  6:16  SCV  
  76  6:17  Refinery  
  77  6:21  Supply Depot  
  77  6:22  SCV  
  75  6:27  Supply Depot  
  75  6:28  SCV  
  75  6:29  Marine  
  75  6:30  Marauder  
  75  6:31  Siege Tank  
  79  6:34  SCV  
  80  6:40  SCV, Orbital Command  
  80  6:45  Medivac x2  
  85  6:49  SCV  
  85  6:56  Barracks Reactor  
  85  6:57  Concussive Shells  
  85  6:59  SCV  
  85  7:00  Barracks  
  86  7:04  Orbital Command  
  86  7:05  Siege Tank  
  86  7:07  SCV  
  90  7:10  Marine x2  
  90  7:13  SCV  
  90  7:15  Marine  
  94  7:17  Marine  
  94  7:19  SCV  
  96  7:24  Medivac  
  96  7:26  SCV  
  96  7:28  Supply Depot  
  99  7:31  SCV  
  99  7:33  SCV  
  101  7:37  Siege Tank  
  101  7:41  Medivac  
  101  7:43  Marine, SCV  
  108  7:46  SCV x2  
  108  7:50  Marine, Supply Depot x2, Refinery  
  108  7:51  Refinery, Marauder  
  113  7:54  Medivac  
  113  7:55  SCV  
  113  7:57  Marine  
  113  7:58  Marine, SCV  
  116  8:05  SCV  
  115  8:07  SCV, Bunker  
  115  8:08  Marine, Marauder  
  115  8:09  Siege Tank  
  115  8:10  SCV  
  115  8:11  Bunker  
  123  8:14  Marine  
  123  8:17  SCV, Missile Turret  
  123  8:19  SCV  
  127  8:22  SCV  
  127  8:23  Barracks Tech Lab  
  127  8:26  Supply Depot  
  127  8:31  SCV  
  128  8:35  SCV  
  128  8:36  SCV  
  128  8:38  Supply Depot  
  128  8:40  Marine  
  128  8:41  Supply Depot, Marauder x2  
  134  8:43  SCV  
  134  8:46  Sensor Tower  
  134  8:47  SCV  
  136  8:48  Supply Depot  
  136  8:50  Command Center  
  136  8:55  Missile Turret  
  136  8:56  Marine, Marauder  
  136  8:59  Medivac x2  
  136  9:00  SCV  
  136  9:02  SCV  
  145  9:05  Ghost Academy  
  145  9:06  Terran Infantry Armor Level 1  
  145  9:09  Armory  
  145  9:11  Engineering Bay  
  145  9:13  Marine, Marauder  
  148  9:17  Supply Depot  
  148  9:21  Supply Depot  
  148  9:23  Siege Tank  
  155  9:34  Medivac x2  
  155  9:35  Ghost  
  156  9:39  Ghost  
  158  9:46  Marine x2  
  158  9:47  Marine x2  
  158  9:48  SCV  
  163  9:55  SCV  
  163  9:57  Terran Infantry Weapons Level 2  
  164  10:04  Ghost  
  166  10:10  SCV x2  
  166  10:12  Marine, Marauder x2  
  173  10:14  Marine  
  173  10:18  Marine  
  175  10:22  Missile Turret  
  175  10:25  SCV  
  175  10:27  Supply Depot  
  176  10:30  Refinery  
  176  10:31  Missile Turret  
  176  10:32  Sensor Tower  
  176  10:33  Marauder x3  
  176  10:34  Marine  
  176  10:35  Refinery  
  183  10:38  Planetary Fortress  
  180  10:46  SCV x3  
  175  10:51  Terran Ship Weapons Level 1  
  175  10:53  Missile Turret  
  175  10:54  Marauder, Ghost  
  175  10:55  Marauder  
  181  10:58  SCV x3  
  181  11:02  Barracks  
  181  11:03  Viking  
  186  11:04  Barracks x2  
  186  11:10  SCV x2  
  188  11:12  Viking, Starport, Factory Reactor  
  188  11:14  SCV  
  188  11:15  SCV, Ghost  
  194  11:26  Command Center  
  194  11:32  Viking  
  194  11:34  Supply Depot  
  194  11:36  Terran Infantry Armor Level 2  
  196  11:42  Viking  
  196  11:43  Missile Turret  
  195  11:54  Barracks Tech Lab x3  
  195  11:55  Fusion Core  
  192  12:02  Viking  
  192  12:04  Command Center  
  192  12:05  Viking  
  192  12:06  Command Center  
  196  12:09  Enhanced Shockwaves  
  196  12:12  Viking  
  198  12:22  Viking  
  200  12:24  Terran Infantry Weapons Level 3  
  200  12:42  Advanced Ballistics  
  200  12:45  Command Center  
  199  13:11  Liberator x2  
  196  13:19  Orbital Command  
  192  13:20  Planetary Fortress  
  192  13:22  SCV x4  
  196  13:27  Liberator  
  196  13:28  Personal Cloaking  
  196  13:32  Orbital Command, Missile Turret  
  200  13:34  SCV  
  200  13:40  Missile Turret  
  200  13:47  Terran Ship Weapons Level 2  
  200  13:57  Command Center x2  
  190  14:17  Marine  
  190  14:18  Marauder x5  
  190  14:20  Marine  
  188  14:26  Liberator  
  186  14:32  Liberator  
  186  14:34  SCV  
  188  14:40  Liberator  
  188  14:41  Liberator  
  188  14:43  SCV x5  
  199  14:46  SCV  
  200  14:56  Nuke  
  200  14:58  Orbital Command  
  198  15:00  Ghost  
  196  15:10  Viking  
  174  15:18  Liberator  
  165  15:22  Liberator  
  165  15:23  SCV  
  165  15:24  Liberator  
  165  15:25  Refinery  
  165  15:26  Refinery  
  158  15:39  Terran Infantry Armor Level 3  
  158  15:40  Liberator  
  161  15:54  SCV x3  
  161  15:55  SCV x4  
  168  15:59  Ghost x2  
  168  16:01  Marine, Liberator  
  168  16:02  Marine x7  
  183  16:05  Liberator  
  183  16:07  Liberator  
  188  16:12  Starport  
  188  16:17  Nuke  
  188  16:19  Marine x5  
  188  16:20  Marine x3  
  188  16:22  SCV x3  
  188  16:23  SCV  
  188  16:24  SCV  
  199  16:28  Marine x2  
  199  16:30  SCV  
  191  16:37  Marine x5  
  188  16:49  SCV x2  
  188  16:50  SCV x2  
  188  16:51  SCV x2  
  194  17:06  Liberator  
  197  17:10  Marine, Ghost x2  
  197  17:23  Marine x2  
  197  17:28  Planetary Fortress  
  197  17:29  Orbital Command  
  198  17:31  Viking  
  197  17:41  Marine x7  
  181  17:59  Marine x10  
  184  18:16  Marine  
  184  18:17  Marine x8  
  131  18:34  Marine x3  
  131  18:35  Marine x5  
  131  18:40  Missile Turret  
  135  18:42  Missile Turret x2  
  135  18:43  Liberator, Missile Turret x2  
  140  18:52  Marine x4  
  140  18:53  Marine x2  
  124  19:10  Marine x5  
  124  19:11  Marine  
  124  19:12  Liberator  
  125  19:17  Orbital Command  
  125  19:24  SCV x4  
  111  19:36  SCV x4, Ghost x4  
  117  19:39  Barracks  
  117  19:40  Marine  
  117  19:42  Barracks  
  117  19:47  Marine  
  117  19:48  SCV x3  
  117  19:52  Missile Turret  
  118  20:00  SCV  
  118  20:05  Marine, Ghost x4  
  118  20:06  Marine  
  118  20:13  Missile Turret  
  113  20:16  Barracks  
  113  20:21  Command Center  
  113  20:23  Marine x2  
  115  20:34  Marine x2  
  115  20:35  Marine x2  
  110  20:36  Ghost x2  
  110  20:41  Marine  
  110  20:42  Marine  
Show
View Real Time Build Order
Export as new Build Order

DnS Protoss - Winner!

Build Orders: 1 Gate Expand, Phoenix Opening, Carriers, Zealot Archon 

Get SALT Encoding   

  12  0:00  Probe  
  13  0:12  Probe  
  14  0:18  Pylon  
  14  0:24  Probe  
  15  0:32  Pylon  
  15  0:36  Probe  
  16  0:48  Probe  
  17  0:50  Gateway  
  17  0:57  Assimilator  
  17  1:01  Probe  
  18  1:25  Nexus  
  18  1:35  Zealot (Chrono Boost)  
  20  1:42  Cybernetics Core  
  20  1:44  Probe  
  21  1:53  Zealot (Chrono Boost)  
  21  1:59  Probe  
  24  2:01  Assimilator  
  24  2:12  Probe  
  25  2:16  Stalker (Chrono Boost)  
  27  2:24  Probe  
  26  2:36  Stalker (Chrono Boost), Probe  
  27  2:50  Probe  
  28  2:51  Probe  
  29  2:59  Stalker  
  29  3:02  Probe  
  29  3:03  Probe  
  33  3:08  Stargate  
  33  3:15  Pylon, Probe (Chrono Boost)  
  33  3:17  Probe (Chrono Boost)  
  35  3:20  Warp Gate  
  37  3:27  Probe (Chrono Boost)  
  37  3:30  Probe (Chrono Boost)  
  37  3:32  Probe (Chrono Boost)  
  38  3:36  Gateway  
  38  3:38  Probe  
  39  3:42  Probe  
  40  3:50  Gateway, Phoenix (Chrono Boost), Probe  
  40  3:54  Probe  
  44  4:03  Pylon  
  44  4:05  Probe  
  44  4:06  Phoenix (Chrono Boost)  
  44  4:09  Probe  
  48  4:17  Probe  
  48  4:21  Probe  
  48  4:22  Nexus  
  50  4:26  Phoenix (Chrono Boost)  
  52  4:33  Pylon  
  52  4:36  Probe  
  52  4:37  Pylon  
  52  4:38  Probe  
  54  4:47  Phoenix (Chrono Boost)  
  54  4:50  Probe x2  
  58  4:56  Assimilator, Pylon  
  58  4:58  Assimilator  
  58  5:02  Probe x2  
  60  5:14  Probe  
  60  5:16  Probe  
  60  5:19  Phoenix  
  63  5:22  Twilight Council  
  63  5:26  Probe  
  64  5:29  Forge, Probe  
  64  5:33  Protoss Ground Armor Level 1 (Chrono Boost)  
  64  5:35  Probe  
  66  5:37  Sentry  
  66  5:38  Probe  
  66  5:41  Shield Battery, Probe  
  70  5:47  Probe  
  71  5:50  Phoenix, Probe  
  71  5:53  Probe  
  75  5:57  Charge (Chrono Boost)  
  75  5:59  Probe  
  75  6:02  Probe  
  77  6:05  Probe  
  77  6:06  Pylon  
  77  6:11  Probe  
  79  6:14  Probe  
  79  6:17  Phoenix  
  79  6:18  Gateway, Probe  
  83  6:23  Probe  
  84  6:30  Gateway  
  84  6:32  Gateway  
  84  6:33  Gateway  
  84  6:35  Gateway  
  84  6:37  Photon Cannon  
  84  6:38  Gateway  
  84  6:41  Zealot x2  
  84  6:44  Shield Battery  
  84  6:46  Pylon  
  88  6:49  Phoenix  
  88  6:50  Probe  
  88  6:51  Probe  
  88  6:52  Probe  
  93  6:58  Robotics Facility  
  93  7:00  Templar Archives  
  93  7:02  Probe  
  93  7:03  Probe  
  93  7:05  Pylon  
  95  7:10  Assimilator, Probe  
  95  7:11  Assimilator  
  95  7:16  Phoenix  
  95  7:22  Probe  
  97  7:23  Zealot x3  
  97  7:27  Pylon  
  103  7:30  Zealot x3  
  103  7:33  Pylon  
  103  7:36  Pylon  
  109  7:38  High Templar x2  
  109  7:41  Protoss Ground Armor Level 2 (Chrono Boost)  
  113  7:45  Pylon, Archon  
  113  7:55  Zealot x6  
  122  8:11  Probe x2  
  124  8:14  Robotics Bay  
  124  8:16  Observer  
  125  8:20  Zealot x5, Robotics Facility  
  135  8:28  Blink  
  135  8:42  Forge  
  135  8:45  High Templar x2  
  135  8:46  Zealot x3  
  145  8:49  Archon  
  145  9:05  Pylon x2  
  145  9:06  Pylon  
  145  9:09  Nexus  
  145  9:10  Pylon  
  145  9:19  Colossus (Chrono Boost)  
  145  9:20  Protoss Ground Weapons Level 1 (Chrono Boost)  
  157  9:27  Colossus (Chrono Boost)  
  157  9:29  High Templar x2  
  157  9:30  Stalker x4  
  169  9:34  Archon  
  169  9:37  Shield Battery  
  169  9:38  Probe x3  
  169  9:39  Photon Cannon  
  169  9:41  Photon Cannon  
  172  9:48  Zealot x2  
  172  9:51  Photon Cannon  
  172  9:52  Gateway  
  176  9:53  Gateway  
  176  9:55  Pylon  
  176  9:57  Shield Battery  
  176  10:03  Pylon  
  176  10:05  Pylon, Colossus (Chrono Boost)  
  174  10:11  Colossus (Chrono Boost)  
  186  10:21  Sentry  
  186  10:22  Extended Thermal Lance (Chrono Boost)  
  186  10:25  Protoss Ground Armor Level 3 (Chrono Boost)  
  188  10:32  Probe x3  
  188  10:33  Probe  
  192  10:39  Shield Battery  
  192  10:49  Observer  
  192  10:53  Probe x2  
  192  10:54  Dark Shrine  
  192  10:55  Disruptor (Chrono Boost), Photon Cannon  
  198  10:57  Shield Battery  
  198  10:58  Probe  
  198  10:59  Assimilator  
  198  11:00  Disruptor (Chrono Boost)  
  198  11:01  Assimilator  
  199  11:16  Nexus  
  199  11:17  Pylon, Gateway  
  199  11:18  Gateway  
  199  11:20  Gateway  
  199  11:21  Protoss Ground Weapons Level 2 (Chrono Boost)  
  199  11:28  Disruptor (Chrono Boost)  
  199  11:29  Disruptor (Chrono Boost)  
  197  11:40  Photon Cannon  
  197  11:41  Photon Cannon  
  197  11:42  Photon Cannon  
  197  11:44  Photon Cannon  
  197  11:45  Shield Battery  
  197  11:48  Shield Battery  
  197  11:50  Photon Cannon  
  197  11:55  Gateway  
  197  11:56  Photon Cannon  
  197  12:08  Shadow Stride, Photon Cannon  
  197  12:10  Photon Cannon  
  195  12:37  Fleet Beacon  
  195  12:38  Protoss Air Weapons Level 1  
  195  12:39  Stargate  
  195  12:40  Stargate  
  195  12:43  Disruptor  
  198  12:45  Observer  
  198  12:50  Photon Cannon x2  
  199  12:55  Pylon  
  189  13:05  Disruptor  
  180  13:17  Protoss Shields Level 1  
  180  13:19  Carrier (Chrono Boost)  
  164  13:20  Carrier x2 (Chrono Boost)  
  164  13:22  Disruptor  
  184  13:41  Photon Cannon  
  184  13:42  Observer  
  184  13:43  Photon Cannon  
  184  13:44  Dark Templar x2, Shield Battery  
  187  13:57  Stalker x6  
  195  14:10  Disruptor  
  195  14:16  Disruptor  
  195  14:24  Zealot x3  
  195  14:41  Zealot  
  195  14:43  Zealot  
  199  14:53  Pylon  
  178  15:15  Carrier x3  
  178  15:16  Disruptor x2  
  178  15:19  Stalker  
  178  15:20  Stalker x2  
  196  15:21  Zealot  
  196  15:22  Zealot  
  184  15:36  Dark Templar x3  
  184  15:37  Dark Templar x5  
  184  15:42  Assimilator  
  200  15:44  Assimilator, Photon Cannon  
  200  15:45  Photon Cannon  
  200  15:56  Protoss Air Weapons Level 2 (Chrono Boost)  
  200  15:57  Nexus, Observer  
  200  15:59  Pylon  
  200  16:02  Pylon  
  200  16:28  Protoss Ground Weapons Level 3 (Chrono Boost)  
  200  16:31  Observer  
  186  16:49  Dark Templar  
  186  16:50  Dark Templar x6  
  200  17:00  Photon Cannon  
  200  17:01  Photon Cannon  
  200  17:04  Photon Cannon  
  200  17:05  Photon Cannon  
  200  17:06  Photon Cannon  
  200  17:07  Photon Cannon  
  200  17:09  Shield Battery  
  200  17:29  Dark Templar  
  187  17:39  Zealot x7  
  187  17:49  Carrier (Chrono Boost)  
  186  17:58  Protoss Shields Level 2  
  186  18:01  Dark Templar  
  186  18:02  Zealot x5  
  186  18:03  Zealot  
  186  18:04  Stalker x2  
  197  18:09  Zealot x2  
  183  18:25  Stalker x5  
  161  18:59  Zealot x6  
  161  19:00  Zealot  
  165  19:03  Probe  
  154  19:10  Zealot x4  
  160  19:38  Pylon  
  160  19:51  Pylon  
  160  19:52  Pylon  
  160  19:57  Probe (Chrono Boost)  
  161  20:03  Probe  
  162  20:15  Probe (Chrono Boost)  
  162  20:18  Probe (Chrono Boost)  
  164  20:21  High Templar x6  
  164  20:25  Probe (Chrono Boost)  
  164  20:26  Archon, Probe (Chrono Boost)  
  164  20:27  Archon x2  
  178  20:30  Probe (Chrono Boost)  
  178  20:31  Probe (Chrono Boost)  
  167  20:41  Probe  

Tags
 
Add a new tag
Caveats
  • Supply blocks, unpowered buildings, or Contaminate may cause inaccurate times.
  • Supply counts are checked every 10 seconds.